 Dungeon Crawl Stone Soup version 0.22-a0-283-g1871b15 (webtiles) character file.

47625 Amnesiac the Zephyrmancer (level 14, -4/88 HPs)
             Began as a Tengu Air Elementalist on Mar 19, 2018.
             Was a High Priest of Sif Muna.
             Slain by a komodo dragon (20 damage)
             ... on level 6 of the Lair of Beasts.
             The game lasted 00:44:44 (24489 turns).

Amnesiac the Zephyrmancer (Tengu Air Elementalist) Turns: 24489, Time: 00:44:44

Health: -4/88      AC: 24    Str: 11    XL:     14   Next: 42%
Magic:  1/43       EV: 21    Int: 24    God:    Sif Muna [*****.]
Gold:   1083       SH:  0    Dex: 16    Spells: 13/41 levels left

rFire    + . .     SeeInvis .   e - staff of wizardry
rCold    + . .     Gourm    .   (no shield)
rNeg     . . .     Faith    +   T - +0 acid dragon scales
rPois    .         Spirit   .   m - +3 hat of Pondering {ponderous, MR+ MP+10 Int+5}
rElec    .         Reflect  .   w - +1 cloak
rCorr    +         Harm     .   U - +0 pair of gloves
MR       ++...                  (boots unavailable)
Stlth    ++........             A - amulet of faith
HPRegen  0.24/turn              q - +5 ring of protection
MPRegen  0.28/turn              Q - +5 ring of protection

@: flying quickly and evasively, no casting, deflect missiles
A: beak, talons 3, icy blue scales 1, cold resistance 1, fire resistance 1,
strong 1, evolution 1, able to fly 2
a: Stop Flying, Stop Divine Energy, Channel Magic, Forget Spell, Renounce
Religion


You were on level 6 of the Lair of Beasts.
You worshipped Sif Muna.
Sif Muna was extremely pleased with you.
You were not hungry.

You visited 4 branches of the dungeon, and saw 21 of its levels.

You collected 1083 gold pieces.

Inventory:

Hand Weapons
 a - the +7 short sword of Gunoefegi {flame, *Slow rElec rC+ MR++}
   (You found it on level 5 of the Dungeon)

   It has been specially enchanted to burn those struck by it, causing extra
   injury to most foes and up to half again as much damage against particularly
   susceptible opponents.
   It protects you from cold.
   It insulates you from electricity.
   It affects your resistance to hostile enchantments.
   It may slow you when you take damage.
Armour
 m - the +3 hat of Pondering (worn) {ponderous, MR+ MP+10 Int+5}
   (You took it off Gastronok on level 2 of the Lair of Beasts)

   It affects your intelligence (+5).
   It affects your resistance to hostile enchantments.
   It affects your magic capacity (+10).
 w - a +1 cloak (worn)
 T - +0 acid dragon scales (worn)
 U - a +0 pair of gloves (worn)
Magical Staves
 e - an uncursed staff of wizardry (weapon)
Jewellery
 d - an uncursed ring of protection from magic
 n - a +6 amulet of reflection
 q - a +5 ring of protection (left hand)
 r - the amulet "Weutox" {Harm *Drain rC- Str+2 Dex+10 Stlth+}
   (You found it on level 6 of the Lair of Beasts)

   [amulet of harm]

   It increases damage dealt and taken.
   It affects your strength (+2).
   It affects your dexterity (+10).
   It makes you vulnerable to cold.
   It causes draining when unequipped.
   It makes you more stealthy.
 u - an uncursed ring of magical power
 A - an amulet of faith (around neck)
 F - an uncursed ring of protection from fire
 Q - a +5 ring of protection (right hand)
 S - an uncursed ring of resist corrosion
Wands
 G - a wand of digging (33)
Scrolls
 b - 4 scrolls of enchant weapon {!r}
 h - 10 scrolls of remove curse {!r}
 j - 3 scrolls of amnesia {!r}
 o - 2 scrolls of enchant armour {!r}
 v - 3 scrolls of magic mapping {!r}
 x - a scroll of fear {!r}
 H - 2 scrolls of teleportation {!r}
 M - a scroll of summoning {!r}
 N - 2 scrolls of identify {!r}
 P - a scroll of blinking {!r}
Potions
 g - 2 potions of mutation {!q}
 i - 3 potions of heal wounds {!q}
 k - 4 potions of curing {!q}
 p - 2 potions of brilliance {!q}
 t - a potion of flight {!q}
 z - 4 potions of invisibility {!q}
 D - a potion of magic {!q}
 E - a potion of resistance {!q}
 J - a potion of ambrosia {!q}
 K - 3 potions of cancellation {!q}
Comestibles
 c - 24 rations


   Skills:
 - Level 10.0 Fighting
 - Level 10.0 Dodging
 - Level 2.0 Stealth
 - Level 14.0 Spellcasting
 - Level 1.3 Conjurations
 - Level 14.0 Air Magic
 + Level 8.9 Invocations


You had 13 spell levels left.
You knew the following spells:

 Your Spells              Type           Power        Failure   Level  Hunger
a - Airstrike             Air            ######....   1%          4    None
b - Static Discharge      Conj/Air       ######..     1%          3    None
c - Deflect Missiles      Chrm/Air       ######....   19%         6    #####..
d - Lightning Bolt        Conj/Air       ######....   2%          5    ###....
e - Summon Lightning Spi  Summ/Air       ######..     1%          4    None
f - Apportation           Tloc           ###...       2%          1    None
n - Passwall              Tmut/Erth      ###.......   3%          2    None
z - Ozocubu's Armour      Chrm/Ice       ###.....     6%          3    None


Dungeon Overview and Level Annotations

Branches:
Dungeon (12/15)            Temple (1/1) D:6            Lair (6/6) D:8
  Swamp (0/4) Lair:2        Snake (0/4) Lair:3        Slime (0/5) Lair:5
    Orc (2/2) D:10
    Elf: Orc:2

Altars:
Ashenzari
Cheibriados
Dithmenos
Elyvilon
Hepliaklqana
Kikubaaqudgha
Makhleb
Okawaru
Qazlal
Ru
Sif Muna
Trog
Uskayaw
Vehumet
Wu Jian
Xom
Zin
The Shining One

Shops:
D:10 =

Annotations:
Orc:1 exclusion: downstairs
Orc:2 Donald, Erolcha


Innate Abilities, Weirdness & Mutations

You have a beak for a mouth.
You have claws for feet.
You can fly continuously.
You are partially covered in icy blue scales. (AC +2)
Your flesh is cold resistant. (rC+)
Your flesh is heat resistant. (rF+)
Your muscles are strong. (Str +2)
You evolve.


Message History

Press: ? - help, Dir - move target cursor, f/p - komodo dragon
Aim: a komodo dragon (moderately wounded)
The air twists around and strikes the komodo dragon!
The komodo dragon is heavily wounded.
Sif Muna grants you divine energy.
You briefly lose access to your magic!
You feel sick.
You are unable to access your magic!
You feel sick.
You feel sick.
You feel sick.
You are unable to access your magic!
You feel sick.
You feel sick.
The komodo dragon bites you but does no damage.
You regain access to your magic.
You feel sick.
You feel sick.
Casting: Airstrike (safe; 1% risk of failure)
Confirm with . or Enter, or press ? or * to list all spells.
Aiming: Airstrike (safe; 1% risk of failure)
Press: ? - help, Dir - move target cursor, f/p - komodo dragon
Aim: a komodo dragon (moderately wounded)
The air twists around and strikes the komodo dragon!
The komodo dragon is severely wounded.
Sif Muna grants you divine energy.
You briefly lose access to your magic!
The komodo dragon barely misses you.
You feel sick.
You feel sick.
The komodo dragon completely misses you.
Found 16 gold pieces.
You regain access to your magic.
You feel sick.
You see here 3 scrolls of remove curse {!r}.
Casting: Airstrike (safe; 1% risk of failure)
Confirm with . or Enter, or press ? or * to list all spells.
Aiming: Airstrike (safe; 1% risk of failure)
Press: ? - help, Dir - move target cursor, f/p - komodo dragon
Aim: a komodo dragon (severely wounded)
The air twists around and strikes the komodo dragon!
The komodo dragon is severely wounded.
Sif Muna grants you divine energy.
You briefly lose access to your magic!
You feel sick. The komodo dragon barely misses you.
All of the chunks of flesh in your inventory have rotted away.
The komodo dragon misses you.
You feel sick.
Found two robes and a scroll of amnesia.
You regain access to your magic.
The komodo dragon bites you.
* * * LOW HITPOINT WARNING * * *
You feel sick.
Casting: Airstrike (safe; 1% risk of failure)
Confirm with . or Enter, or press ? or * to list all spells.
Aiming: Airstrike (safe; 1% risk of failure)
Press: ? - help, Dir - move target cursor, f/p - komodo dragon
Aim: a komodo dragon (severely wounded)
The air twists around and strikes the komodo dragon!
The komodo dragon is almost dead.
Sif Muna grants you divine energy.
You briefly lose access to your magic!
The komodo dragon bites you!
* * * LOW HITPOINT WARNING * * *
Really quaff
k - 5 potions of curing {!q}?
You feel better. The komodo dragon bites you!!
You die...

♣≈≈≈≈≈≈♣♣♣.≈.P♣♣≈..
♣≈≈≈≈≈≈.♣♣P.≈♣♣≈≈♣.
♣?≈≈≈≈P♣♣♣♣.≈≈≈†♣♣.
♣.≈≈≈≈.$.[♣♣.♣≈(P.P
♣♣.≈≈≈≈.[[♣♣♣≈≈P[..
♣.≈≈≈≈.(.. ♣.P.♣.♣
♣♣♣.≈≈..[)♣ ♣≈≈..♣♣
♣.l≈≈≈.$.?♣♣≈≈≈).
♣.@≈≈.≈P♣♣♣≈≈...♣
♣♣♣.≈≈.≈♣ ≈≈P..♣
♣..≈≈♣♣ ≈..♣♣
♣♣PP≈≈≈≈ .♣ ♣..≈≈≈
♣.≈≈≈♣ ♣♣♣♣♣


You could see a komodo dragon.

Vanquished Creatures
  Rupert (Lair:3)
  Gastronok (Lair:2)
  A fire dragon (Lair:6)
  The ghost of Amnesiac the Zephyrmancer, a journeyman TeAE of Sif Muna (Lair:4)
  3 hydras
  Erica (Lair:1)
  4 two-headed ogres
  The ghost of Amnesiac the Zephyrmancer, a journeyman TeAE of Sif Muna (D:10)
  6 death yaks
  A wizard (D:10)
  A swamp dragon (Lair:6)
  A manticore (D:12)
  6 oklob plants
  2 ugly things
  Maurice (D:9)
  A moth of wrath (D:5)
  A black mamba (Lair:4)
  Joseph (Lair:1)
  13 spiny frogs
  6 komodo dragons
  4 rime drakes
  A polar bear (Lair:4)
  3 trolls
  Grinder (D:5)
  Prince Ribbit (D:9)
  4 hornets
  13 blink frogs
  6 hippogriffs
  Grum (D:11)
  A spriggan (D:7)
  19 yaks
  Sigmund (D:4)
  11 basilisks
  A steam dragon (Lair:6)
  3 nagas
  A warg (D:10)
  8 water moccasins
  2 acid dragons (Lair:6)
  The ghost of Amnesiac the Gusty, an amateur TeAE (D:3)
  8 porcupines
  4 ice beasts
  7 orc warriors
  2 swamp drakes (Lair:6)
  3 sky beasts
  A phantom (D:8)
  2 black bears
  An eye of draining (D:11)
  3 ogres
  11 wolves
  6 centaurs
  14 crocodiles
  15 bullfrogs
  2 scorpions (D:10)
  A vampire bat (Lair:3)
  A howler monkey (D:5)
  4 electric eels
  3 jellies
  A centaur zombie (D:11)
  4 crimson imps
  3 bullfrog zombies
  8 orc priests
  10 hounds
  Crazy Yiuf (D:5)
  A gnoll shaman (D:4)
  2 bullfrog skeletons
  3 centaur skeletons
  10 orc wizards
  3 iguanas
  Natasha (D:4)
  6 worker ants
  2 hound zombies (D:5)
  2 worker ant zombies
  Robin (D:2)
  9 gnolls (D:4)
  15 adders
  A howler monkey skeleton (D:10)
  3 shadow imps
  3 oozes
  An adder skeleton (D:6)
  5 worms
  A dart slug (D:2)
  A leopard gecko (D:4)
  58 orcs
  10 giant cockroaches
  15 goblins
  20 hobgoblins
  16 jackals
  7 quokkas
  3 ball pythons
  17 bats
  4 frilled lizards
  A giant cockroach zombie (D:3)
  6 kobolds
  A leopard gecko skeleton (D:3)
  A quokka skeleton (D:8)
  11 rats
  A plant (Lair:1)
491 creatures vanquished.

Vanquished Creatures (collateral kills)
  A death yak (Lair:4)
1 creature vanquished.

Vanquished Creatures (others)
  11 fungi
  30 plants
41 creatures vanquished.

Grand Total: 533 creatures vanquished

Notes
Turn   | Place    | Note
-------+----------+-------------------------------------------
     0 | D:1      | Amnesiac the Tengu Air Elementalist began the quest for the Orb.
     0 | D:1      | Reached XP level 1. HP: 10/10 MP: 4/4
   136 | D:1      | Reached XP level 2. HP: 15/15 MP: 0/6
   486 | D:1      | Reached skill level 5 in Air Magic
   493 | D:1      | Reached XP level 3. HP: 16/19 MP: 0/7
   558 | D:1      | Learned a level 3 spell: Static Discharge
  1253 | D:2      | Reached XP level 4. HP: 24/24 MP: 2/9
  1275 | D:2      | Learned a level 4 spell: Airstrike
  1430 | D:2      | Found an iron altar of Okawaru.
  2262 | D:2      | Noticed Robin
  2264 | D:2      | Killed Robin
  2274 | D:2      | Gained mutation: You can fly. [Tengu growth]
  2274 | D:2      | Reached XP level 5. HP: 28/28 MP: 1/10
  2468 | D:3      | Noticed Amnesiac's ghost (amateur TeAE)
  2497 | D:3      | Killed Amnesiac's ghost
  2497 | D:3      | Reached XP level 6. HP: 32/32 MP: 2/12
  3473 | D:4      | Reached XP level 7. HP: 15/36 MP: 4/14
  4150 | D:4      | Noticed Sigmund
  4152 | D:4      | Killed Sigmund
  4565 | D:4      | Noticed Natasha
  4567 | D:4      | Killed Natasha
  4689 | D:5      | Entered Level 5 of the Dungeon
  4764 | D:5      | Reached skill level 10 in Air Magic
  4766 | D:5      | Reached skill level 5 in Spellcasting
  4974 | D:5      | Reached skill level 1 in Fighting
  4974 | D:5      | Reached XP level 8. HP: 30/43 MP: 3/16
  5084 | D:5      | Found a transporter.
  5088 | D:5      | Noticed Grinder
  5248 | D:5      | Got a bone short sword
  5299 | D:5      | Killed Grinder
  5337 | D:5      | Noticed a moth of wrath
  5404 | D:5      | Found a transporter.
  5759 | D:5      | Found a bloodstained altar of Trog.
  5773 | D:5      | Killed a moth of wrath
  5773 | D:5      | Reached XP level 9. HP: 52/52 MP: 1/17
  5954 | D:5      | Found a runed door.
  6051 | D:5      | Noticed Crazy Yiuf
  6055 | D:5      | Killed Crazy Yiuf
  6372 | D:5      | Reached skill level 5 in Fighting
  6399 | D:5      | Identified the +7 short sword of Gunoefegi {flame, *Slow rElec rC+ MR++} (You found it on level 5 of the Dungeon)
  6656 | D:6      | Found a staircase to the Ecumenical Temple.
  6809 | Temple   | Entered the Ecumenical Temple
  6815 | Temple   | Became a worshipper of Sif Muna the Loreminder
  7310 | D:7      | Reached * piety under Sif Muna
  7318 | D:7      | Found a stormy altar of Qazlal.
  7498 | D:7      | Found a shimmering altar of Xom.
  7842 | D:7      | Reached XP level 10. HP: 60/60 MP: 22/23
  7989 | D:8      | Reached ** piety under Sif Muna
  8114 | D:8      | Noticed a death yak
  8117 | D:8      | Noticed a death yak
  8307 | D:7      | Learned a level 5 spell: Lightning Bolt
  8417 | D:7      | Killed a death yak
  8956 | D:8      | Noticed a death yak
  9003 | D:7      | HP: 1/60 [death yak (24)]
  9026 | D:7      | Killed a death yak
  9026 | D:7      | Reached *** piety under Sif Muna
  9026 | D:7      | Reached skill level 10 in Spellcasting
  9546 | D:8      | Killed a death yak
  9551 | D:8      | Reached XP level 11. HP: 64/64 MP: 2/26
  9578 | D:8      | Found a staircase to the Lair.
  9749 | D:9      | Reached **** piety under Sif Muna
  9895 | D:9      | Found an ancient bone altar of Kikubaaqudgha.
 10299 | D:9      | Noticed Maurice
 10305 | D:9      | Killed Maurice
 10440 | D:9      | Noticed Prince Ribbit
 10443 | D:9      | Killed Prince Ribbit
 10674 | D:9      | Noticed a two-headed ogre
 10680 | D:9      | Killed a two-headed ogre
 10770 | D:10     | Entered Level 10 of the Dungeon
 10837 | D:10     | Noticed a two-headed ogre
 10857 | D:10     | Killed a two-headed ogre
 10919 | D:10     | Reached ***** piety under Sif Muna
 10959 | D:10     | Noticed a two-headed ogre
 11014 | D:10     | Killed a two-headed ogre
 11014 | D:10     | Received a gift from Sif Muna
 11042 | D:10     | Noticed a wizard
 11059 | D:10     | Learned a level 6 spell: Deflect Missiles
 11064 | D:10     | Learned a level 4 spell: Summon Lightning Spire
 11231 | D:10     | Killed a wizard
 11246 | D:10     | Learned a level 1 spell: Apportation
 11334 | D:10     | Noticed a two-headed ogre
 11345 | D:10     | Killed a two-headed ogre
 11749 | D:10     | Identified a scroll of acquirement {!r}
 11750 | D:10     | Got a distressingly furry hat
 11756 | D:10     | Identified the +0 hat of the Stars {Str+3} (You acquired it on level 10 of the Dungeon)
 11863 | D:10     | Noticed Amnesiac's ghost (journeyman TeAE)
 11867 | D:10     | Killed Amnesiac's ghost
 12096 | D:10     | Reached XP level 12. HP: 70/70 MP: 0/29
 12565 | D:10     | Found Morph's Jewellery Shop.
 12582 | D:10     | Gained mutation: You evolve. [potion of mutation]
 12582 | D:10     | Gained mutation: Your flesh is cold resistant. (rC+) [potion of mutation]
 12582 | D:10     | Gained mutation: Your muscles are strong. (Str +2) [potion of mutation]
 12909 | D:10     | Found a staircase to the Orcish Mines.
 12973 | D:10     | Gained mutation: You are partially covered in icy blue scales. (AC +2) [evolution]
 13240 | D:11     | Learned a level 2 spell: Passwall
 13468 | D:11     | Noticed Grum
 13474 | D:11     | Killed Grum
 14552 | Orc:1    | Entered Level 1 of the Orcish Mines
 14947 | Orc:2    | Entered Level 2 of the Orcish Mines
 14963 | Orc:2    | Noticed Donald
 14965 | Orc:2    | Noticed Erolcha
 15085 | Lair:1   | Entered Level 1 of the Lair of Beasts
 15907 | Lair:1   | Reached skill level 1 in Invocations
 16245 | Lair:1   | Noticed a four-headed hydra
 16252 | Lair:1   | Killed a four-headed hydra
 16356 | Lair:1   | Noticed Erica
 16427 | Lair:1   | Noticed Joseph
 16444 | Lair:1   | Killed Joseph
 16597 | Lair:1   | Killed Erica
 16597 | Lair:1   | Reached skill level 5 in Invocations
 16738 | Lair:1   | Reached XP level 13. HP: 80/80 MP: 22/30
 17543 | Lair:2   | Found an iron altar of Okawaru.
 17543 | Lair:2   | Noticed Gastronok
 17644 | Lair:2   | Killed Gastronok
 17810 | Lair:2   | Gained mutation: Your flesh is heat resistant. (rF+) [evolution]
 17848 | Lair:2   | Found a staircase to the Swamp.
 18656 | Lair:3   | HP: 4/80 [bullfrog (7)]
 18869 | Lair:3   | Noticed Rupert
 19133 | Lair:3   | Found a staircase to the Snake Pit.
 19722 | Lair:3   | Paralysed by Rupert for 3 turns
 19732 | Lair:3   | Killed Rupert
 20781 | Lair:4   | Noticed Amnesiac's ghost (journeyman TeAE)
 20785 | Lair:4   | Killed Amnesiac's ghost
 21697 | Lair:5   | Identified Sif Muna's Collected Works on Toxic Confrontation (Sif Muna gifted it to you on level 5 of the Lair of Beasts)
 21697 | Lair:5   | Received a gift from Sif Muna
 21704 | Lair:4   | Gained mutation: You can fly continuously. [Tengu growth]
 21704 | Lair:4   | Reached XP level 14. HP: 47/86 MP: 11/32
 22353 | Lair:5   | Found a staircase to the Slime Pits.
 22895 | Lair:6   | Entered Level 6 of the Lair of Beasts
 23519 | Lair:6   | Learned a level 3 spell: Ozocubu's Armour
 23731 | Lair:6   | Reached skill level 10 in Dodging
 23927 | Lair:6   | Reached skill level 10 in Fighting
 24233 | Lair:6   | Got a scorched pewter amulet
 24235 | Lair:6   | Identified the amulet "Weutox" {Harm *Drain rC- Str+2 Dex+10 Stlth+} (You found it on level 6 of the Lair of Beasts)
 24489 | Lair:6   | Slain by a komodo dragon

Vault maps used:
D:1:      lemuel_arrival_hallway
D:2:      first_ration, okawaru_gym_becter, uniq_robin
D:3:      serial_undead, serial_undead_f, serial_undead_a, serial_undead_b,
          serial_undead_c
D:4:      corexii_shantytown, uniq_natasha, uniq_sigmund
D:5:      gammafunk_steamed_eel, hangedman_abyss_or_decor_lesser_grid, tgw_trog,
          uniq_grinder, uniq_crazy_yiuf_cottage
D:6:      black_bear_nest_2, minmay_temple_entry_overgrown
D:7:      kennysheep_mini_moat, basic_altar, corexii_item_surrounded_by_moat,
          the_bakery, hangedman_decor_riveting
D:8:      dpeg_lair_monsters
D:9:      lemuel_centaur_altar, uniq_prince_ribbit1, uniq_maurice
D:10:     hiddenorc1_lemuel, serial_shops, shop, lightli_wizard_tower
D:11:     uniq_grum
Temple:   dpeg_three_leaves_temple
Lair:1:   minmay_lair_oklob_tunnel, beast_lair_carwin_8, uniq_erica, uniq_joseph
Lair:2:   swamp_mist_pool, basic_altar, uniq_gastronok, uniq_urug
Lair:3:   guppyfry_snake_entry_island, st_stairs_8, roderic_batcave,
          minmay_lair_oklob_chamber, grunt_megastairs_3, uniq_rupert
Lair:4:   grunt_megastairs_5, lemuel_fruit_fields, serial_bayou_shore_a
Lair:5:   slime_dummy, grunt_megastairs_1
Lair:6:   wormcave, guppyfry_lair_end_dragon, kennysheep_basilisk_garden
Orc:2:    grunt_orc_cross, uniq_snorg, uniq_erolcha, uniq_donald

Skill      XL: |  1  2  3  4  5  6  7  8  9 10 11 12 13 14 |
---------------+-------------------------------------------+-----
Air Magic      | 5 6 7 8 10 11 12 13 14 | 14.0
Spellcasting   | 3 4 5 8 10 12 13 14 | 14.0
Fighting       | 1 4 5 6 9 10 | 10.0
Dodging        | 6 7 9 10 | 10.0
Invocations    | 5 8 |  8.9
Stealth        | |  2.0
Conjurations   | |  1.3

Action                   |  1- 3 |  4- 6 |  7- 9 | 10-12 | 13-15 || total
-------------------------+-------+-------+-------+-------+-------++-------
Melee: Unarmed           |    14 |    14 |    13 |       |       ||    41
       Peck              |     5 |     2 |     7 |     5 |     4 ||    23
       Kick              |     2 |     2 |     9 |     7 |     4 ||    24
       Staff             |       |       |     3 |     7 |    17 ||    27
       Short sword       |       |       |    15 |    19 |       ||    34
 Cast: Shock             |    80 |     5 |       |       |       ||    85
       Airstrike         |       |    68 |   200 |   373 |   365 ||  1006
       Static Discharge  |       |     4 |       |    31 |    65 ||   100
       Lightning Bolt    |       |       |       |    18 |     8 ||    26
       Deflect Missiles  |       |       |       |     3 |       ||     3
       Summon Lightning  |       |       |       |       |     1 ||     1
Invok: Divine Energy     |       |       |     1 |       |       ||     1
       Channel Magic     |       |       |       |       |     1 ||     1
 Abil: Fly               |       |       |       |     8 |     3 ||    11
  Use: Scroll            |       |     2 |       |    22 |     4 ||    28
       Potion            |       |       |     4 |     2 |     2 ||     8
  Eat: Chunk             |     2 |    21 |    48 |    26 |    23 ||   120
       Ration            |       |       |       |     6 |     1 ||     7
Armor: Robe              |     7 |     4 |     5 |    32 |    40 ||    88
       Acid dragon scale |       |       |       |       |     3 ||     3
Dodge: Dodged            |    19 |    45 |    66 |   185 |   193 ||   508
       Deflected         |       |       |       |     7 |     5 ||    12

Table legend:
 A = Spawn XP
 B = Non-spawn XP
 C = Spawn XP percentage of total XP
 D = Spawn monster count
 E = Non-spawn monster count
 F = Spawn count percentage of total count
 G = Total turns spent on level
                    A         B        C        D         E        F      G
               +---------+---------+-------+---------+---------+-------+---------
         Total |       0 |   68036 |   0.0 |       0 |     491 |   0.0 | 24489
               +---------+---------+-------+---------+---------+-------+---------
           D:1 |       0 |      65 |   0.0 |       0 |      32 |   0.0 |  1302
           D:2 |       0 |     107 |   0.0 |       0 |      29 |   0.0 |  1153
           D:3 |       0 |     242 |   0.0 |       0 |      26 |   0.0 |   843
           D:4 |       0 |     662 |   0.0 |       0 |      48 |   0.0 |  1560
           D:5 |       0 |    1570 |   0.0 |       0 |      33 |   0.0 |  1561
           D:6 |       0 |    1181 |   0.0 |       0 |      28 |   0.0 |   876
           D:7 |       0 |    2740 |   0.0 |       0 |      16 |   0.0 |  1279
           D:8 |       0 |    2789 |   0.0 |       0 |      23 |   0.0 |  1140
           D:9 |       0 |    3188 |   0.0 |       0 |      35 |   0.0 |  1106
          D:10 |       0 |    7541 |   0.0 |       0 |      51 |   0.0 |  2789
          D:11 |       0 |    2267 |   0.0 |       0 |      18 |   0.0 |  1268
          D:12 |       0 |    1226 |   0.0 |       0 |       2 |   0.0 |    30
        Lair:1 |       0 |    8931 |   0.0 |       0 |      24 |   0.0 |  2383
        Lair:2 |       0 |    3967 |   0.0 |       0 |      13 |   0.0 |  1240
        Lair:3 |       0 |    8828 |   0.0 |       0 |      31 |   0.0 |  1547
        Lair:4 |       0 |    8541 |   0.0 |       0 |      22 |   0.0 |  1632
        Lair:5 |       0 |    5689 |   0.0 |       0 |      25 |   0.0 |  1455
        Lair:6 |       0 |    8247 |   0.0 |       0 |      31 |   0.0 |  1147
         Orc:1 |       0 |     255 |   0.0 |       0 |       4 |   0.0 |   142
               +---------+---------+-------+---------+---------+-------+---------
